Map: Abyssal Reef LE

Players

Rye - Winner!

  • Race: Zerg Zerg
  • League: Diamond
  • Spawn Location: 11:00

Havoc

  • Race: Terran Terran
  • League: Diamond
  • Spawn Location: 5:00

VOD

Have the link to the VOD?

Description

Time

  • Played on: Nov. 24, 2017, 6:10 p.m.
  • Length: 18:06
Show
View Real Time Build Order
Export as new Build Order

Rye Zerg - Winner!

Build Orders: Hatch First 

Get SALT Encoding   

  12  0:01  Drone  
  13  0:14  Overlord  
  13  0:19  Drone  
  14  0:27  Extractor  
  14  0:28  Drone  
  14  0:33  Drone  
  16  0:51  Hatchery  
  16  0:54  Drone  
  16  0:59  Drone  
  17  1:05  Drone  
  17  1:08  Extractor  
  18  1:18  Spawning Pool  
  16  1:27  Drone  
  16  1:31  Drone  
  18  1:43  Overlord  
  18  1:56  Drone  
  19  2:05  Queen  
  19  2:06  Queen  
  19  2:07  Zergling x4  
  25  2:22  Metabolic Boost  
  25  2:34  Drone  
  25  2:35  Drone x4  
  30  2:37  Overlord  
  30  2:59  Drone x4  
  34  3:13  Hatchery  
  33  3:20  Drone x4  
  37  3:29  Drone x2  
  37  3:32  Drone x4  
  43  3:48  Pneumatized Carapace  
  43  3:50  Drone  
  43  3:53  Extractor, Overlord  
  43  3:54  Overlord  
  43  3:55  Extractor  
  42  4:05  Zergling x4  
  42  4:19  Drone x3  
  42  4:20  Drone x3  
  48  4:26  Drone x6, Queen  
  58  4:31  Queen  
  60  4:49  Lair  
  58  4:54  Evolution Chamber  
  58  4:55  Evolution Chamber  
  56  5:00  Roach Warren  
  56  5:02  Drone x3  
  56  5:04  Extractor  
  57  5:10  Zergling x12  
  57  5:11  Zergling x6  
  66  5:21  Baneling Nest  
  66  5:23  Overlord  
  65  5:34  Zerg Ground Armor Level 1, Zerg Melee Weapons Level 1  
  65  5:55  Drone  
  65  5:56  Overlord x4  
  65  5:57  Overlord  
  65  6:01  Zergling x4  
  66  6:17  Overlord  
  66  6:18  Overlord  
  66  6:28  Drone x9  
  66  6:29  Hydralisk Den  
  66  6:32  Overlord  
  74  6:40  Queen  
  74  6:42  Queen, Hatchery  
  77  7:00  Hydralisk, Muscular Augments  
  77  7:01  Hydralisk x11  
  101  7:14  Centrifical Hooks  
  101  7:15  Hydralisk x3  
  107  7:25  Overlord x4  
  107  7:31  Overlord x2  
  107  7:33  Drone  
  107  7:34  Drone x2  
  110  7:37  Extractor  
  110  7:38  Extractor  
  110  7:41  Hydralisk x2  
  112  7:49  Zerg Ground Armor Level 2  
  112  7:50  Zerg Missile Weapons Level 1  
  112  7:51  Glial Reconstitution  
  111  8:03  Hydralisk  
  111  8:04  Hydralisk x2  
  115  8:19  Drone  
  110  8:20  Drone x11  
  121  8:30  Drone x5  
  121  8:33  Drone  
  127  8:37  Hydralisk x2  
  131  8:56  Spine Crawler  
  131  8:58  Spine Crawler  
  131  9:00  Hydralisk  
  131  9:01  Hydralisk x5  
  141  9:03  Spine Crawler  
  141  9:04  Roach x2  
  140  9:14  Hydralisk x5  
  141  9:21  Zergling x2  
  141  9:22  Zergling x10  
  147  9:28  Infestation Pit  
  147  9:30  Drone x3  
  150  9:31  Drone x3  
  150  9:33  Drone  
  150  9:34  Drone x2  
  150  9:36  Overlord  
  155  9:41  Hydralisk x2  
  159  9:51  Roach  
  159  9:52  Roach x5  
  167  9:57  Tunneling Claws  
  167  10:02  Burrow  
  167  10:05  Hydralisk  
  170  10:07  Zergling x14  
  170  10:11  Overlord x2  
  176  10:17  Overlord x2  
  163  11:04  Hydralisk x7  
  163  11:05  Hydralisk x10  
  193  11:16  Hydralisk x4  
  155  11:36  Hydralisk  
  155  11:37  Hydralisk x8  
  157  11:42  Roach  
  157  11:43  Roach x3  
  157  11:44  Zergling x2  
  157  11:45  Zergling x10  
  144  12:20  Hydralisk x10  
  144  12:21  Hydralisk x2  
  139  12:36  Hive  
  125  12:41  Zergling x2  
  125  12:42  Zergling x6  
  115  12:54  Drone x7  
  115  12:55  Drone  
  123  13:04  Hydralisk  
  125  13:07  Zerg Missile Weapons Level 2  
  125  13:08  Zerg Melee Weapons Level 2  
  125  13:11  Hatchery  
  125  13:12  Hatchery  
  123  13:13  Drone  
  123  13:14  Drone x7  
  123  13:19  Hydralisk x2  
  135  13:28  Spire  
  135  13:33  Hydralisk x5  
  140  13:36  Zergling x6  
  143  13:57  Drone x3  
  143  13:58  Drone  
  137  14:15  Hydralisk  
  137  14:16  Hydralisk x13  
  150  14:24  Extractor  
  149  14:26  Extractor  
  149  14:27  Queen  
  149  14:29  Overlord  
  150  14:32  Drone  
  150  14:34  Viper x2  
  157  14:46  Greater Spire  
  157  14:52  Hydralisk x2  
  143  14:53  Hydralisk x2  
  143  14:59  Zergling x2  
  150  15:00  Zergling x28  
  164  15:07  Overlord  
  164  15:08  Overlord  
  164  15:09  Overlord  
  164  15:11  Overlord  
  162  15:33  Zergling x2  
  162  15:34  Zergling x38  
  157  15:43  Hydralisk x4  
  164  15:55  Corruptor x2  
  164  15:56  Corruptor  
  170  16:22  Adrenal Glands  
  170  16:24  Extractor  
  169  16:28  Extractor x2  
  167  16:39  Drone  
  168  16:47  Brood Lord x3  
  168  16:51  Corruptor x5  
  183  17:15  Zergling x24  
  180  17:16  Zergling x10  
  181  17:29  Brood Lord  
  185  17:30  Brood Lord x2  
  185  17:31  Brood Lord x2, Zergling x2  
  185  17:32  Zergling x8  
Show
View Real Time Build Order
Export as new Build Order

Havoc Terran 

Build Orders: Reaper Expand, Mech 

Get SALT Encoding   

  12  0:00  SCV  
  13  0:13  SCV  
  14  0:17  Supply Depot  
  14  0:25  SCV  
  15  0:29  Refinery  
  15  0:39  SCV  
  16  0:47  Barracks  
  16  0:56  SCV  
  17  1:08  SCV  
  18  1:20  SCV  
  19  1:34  Reaper  
  19  1:35  Orbital Command  
  20  2:07  Command Center  
  20  2:19  Barracks Reactor  
  20  2:21  SCV  
  21  2:24  Factory  
  21  2:33  Supply Depot, SCV  
  22  2:46  SCV  
  23  3:00  SCV  
  23  3:04  Command Center  
  24  3:15  Hellion x2  
  24  3:19  Barracks Tech Lab  
  28  3:24  Orbital Command  
  28  3:42  Starport  
  28  3:44  Hellion  
  28  3:46  Factory  
  30  3:49  SCV  
  31  3:56  Barracks Reactor  
  31  3:58  SCV  
  31  3:59  Hellion  
  31  4:01  SCV  
  35  4:06  Refinery  
  35  4:07  Hellion  
  36  4:21  Orbital Command  
  36  4:22  Supply Depot  
  36  4:27  SCV x2  
  38  4:32  Viking  
  40  4:39  SCV x2  
  40  4:41  Refinery  
  42  4:49  Siege Tank  
  42  4:51  SCV x2  
  47  4:56  Supply Depot  
  47  5:01  Hellion x2  
  51  5:09  Starport Reactor  
  51  5:15  SCV x3  
  54  5:27  Supply Depot, Factory  
  54  5:29  Hellion x3  
  54  5:34  Infernal Pre-Igniter  
  60  5:39  Refinery  
  60  5:42  SCV x2  
  62  5:45  SCV  
  63  5:51  Hellion x2  
  63  5:54  SCV x2  
  69  6:09  Armory, SCV  
  70  6:12  Armory  
  70  6:13  SCV x2  
  70  6:15  Hellion x2, Factory Tech Lab  
  76  6:21  Siege Tank  
  79  6:31  Supply Depot  
  79  6:34  SCV x2  
  79  6:37  Siege Tank  
  84  6:46  SCV  
  85  6:48  Supply Depot  
  85  6:53  Hellion x2, SCV x2  
  91  6:58  SCV  
  92  7:03  Supply Depot  
  92  7:05  SCV  
  92  7:07  Terran Vehicle Weapons Level 1  
  93  7:10  Viking x2  
  93  7:14  Engineering Bay  
  97  7:19  Supply Depot  
  97  7:28  Supply Depot  
  97  7:37  SCV x2  
  97  7:39  Orbital Command  
  97  7:40  Viking  
  101  7:47  Viking  
  101  8:05  Siege Tank x2  
  103  8:10  Viking  
  105  8:18  Hellion  
  105  8:19  Hellion  
  100  8:23  Factory  
  100  8:24  Refinery  
  100  8:37  Siege Tank x2  
  100  8:38  Supply Depot  
  100  8:39  Supply Depot  
  106  8:45  Supply Depot  
  106  8:50  Hellion, Command Center  
  106  8:51  Hellion  
  106  8:52  Viking  
  112  8:59  Factory, SCV x2  
  112  9:01  Missile Turret  
  114  9:03  Missile Turret  
  114  9:09  Hellion  
  105  9:29  Factory Tech Lab  
  105  9:30  Hellion x3  
  105  9:31  Hellion  
  113  9:33  Terran Vehicle Weapons Level 2  
  113  9:35  Terran Vehicle And Ship Armor Level 1  
  113  9:39  Refinery  
  113  9:41  Command Center  
  113  9:49  Viking x2  
  113  9:51  Hellion x2  
  113  9:52  Siege Tank  
  114  9:53  Siege Tank  
  117  10:07  Sensor Tower  
  117  10:14  SCV  
  117  10:15  SCV x2  
  117  10:19  Viking x2  
  122  10:27  SCV  
  124  10:35  SCV x2  
  124  10:39  SCV  
  126  10:47  SCV  
  126  10:48  SCV  
  128  11:01  Supply Depot  
  128  11:03  Supply Depot  
  128  11:16  Siege Tank x3  
  130  11:25  Hellion x2  
  82  11:44  Hellion x2  
  84  11:48  Hellion, Siege Tank x3  
  96  11:54  Hellion  
  94  12:05  Hellion  
  94  12:06  Hellion  
  91  12:20  Siege Tank x3  
  94  12:28  Hellion x2  
  88  12:31  Hellion  
  71  12:56  Orbital Command  
  71  13:02  Hellion x2  
  75  13:13  Hellion x3  
  75  13:14  Hellion  
  83  13:21  Terran Vehicle Weapons Level 3  
  83  13:26  SCV x2  
  79  13:28  Siege Tank  
  79  13:31  SCV  
  83  13:38  SCV x2  
  83  13:40  Hellion x2  
  89  13:43  SCV  
  90  13:50  SCV x2  
  90  13:51  Command Center  
  93  13:55  SCV  
  93  14:01  Terran Vehicle And Ship Armor Level 2  
  93  14:15  SCV x3  
  93  14:16  Hellion x2  
  97  14:20  Barracks Reactor  
  97  14:23  Factory  
  97  14:27  SCV x2  
  97  14:28  SCV  
  97  14:30  Refinery  
  100  14:36  Supply Depot x2, Siege Tank  
  100  14:37  Hellion  
  108  14:38  Supply Depot  
  108  14:49  Hellion  
  108  14:51  Hellion  
  108  14:59  Supply Depot  
  108  15:02  Thor  
  108  15:05  Missile Turret  
  111  15:08  Siege Tank  
  111  15:12  Siege Tank  
  117  15:23  Hellion x2  
  99  15:37  Hellion x2  
  99  15:38  Missile Turret  
  86  15:47  Hellion x2  
  86  15:48  Hellion  
  90  15:58  Hellion  
  90  15:59  Hellion  
  90  16:02  SCV  
  95  16:08  SCV  
  95  16:09  SCV  
  95  16:10  Hellion  
  99  16:20  Barracks  
  99  16:26  Missile Turret  
  99  16:27  Planetary Fortress  
  99  16:37  SCV x2  
  99  16:38  Hellion, Siege Tank  
  106  16:51  Viking x2  
  110  16:59  SCV x2  
  112  17:04  Refinery  
  112  17:06  Sensor Tower  
  106  17:21  Viking x2  
  105  17:41  Missile Turret  
  105  17:43  SCV x2  
Tags
 
Add a new tag
Caveats
  • Supply blocks, unpowered buildings, or Contaminate may cause inaccurate times.
  • Supply counts are checked every 10 seconds.